 Dungeon Crawl Stone Soup version 0.30-a0-365-ge7f957f1db (webtiles) character file.

Game seed: 2880394241820504804

1708 LnG the Covert (level 9, 0/49 HPs)
             Began as a Kobold Summoner on Nov 16, 2022.
             Slain by a wyvern (4 damage)
             ... on level 6 of the Dungeon.
             The game lasted 00:17:10 (5878 turns).

LnG the Covert (Kobold Summoner)                    Turns: 5878, Time: 00:17:13

Health: 0/49       AC:  9    Str: 11    XL:     9   Next: 23%
Magic:  7/15       EV: 17    Int: 27    God:
Gold:   240        SH:  5    Dex: 15    Spells: 3/16 levels left

rFire   . . .      SeeInvis .    r - +2 short sword (vamp)
rCold   . . .      Faith    .    (no shield)
rNeg    . . .      Spirit   .    k - +3 leather armour
rPois   .          Reflect  +    q - +2 helmet
rElec   +          Harm     .    (no cloak)
rCorr   +          Rampage  .    (no gloves)
Will    .....                    (no boots)
Stlth   +++++.....               f - amulet of reflection
HPRegen 0.28/turn                x - +6 ring of strength
MPRegen 0.14/turn                l - ring "Winwete" {rElec rCorr Int+6}

@: mighty, very slightly contaminated
A: small, no large weapons, nightstalker 3
a: no special abilities


You were on level 6 of the Dungeon.
You visited 2 branches of the dungeon, and saw 7 of its levels.

You collected 266 gold pieces.
You spent 26 gold pieces at shops.

Inventory:

Hand Weapons
 h - a +0 dagger
 r - a +2 vampiric short sword (weapon)
Armour
 a - a +0 robe
 k - a +3 leather armour (worn)
 q - a +2 helmet (worn)
Jewellery
 f - an amulet of reflection (around neck)
 l - the ring "Winwete" (right hand) {rElec rCorr Int+6}
   (You acquired it on level 4 of the Dungeon)

   [ring of intelligence]

   Int:       It affects your intelligence (+6).
   rElec:     It insulates you from electricity.
   rCorr:     It protects you from acid and corrosion.
 o - an amulet of regeneration
 x - a +6 ring of strength (left hand)
Wands
 B - a wand of mindburst (2)
Scrolls
 c - 2 scrolls of noise
 d - a scroll of brand weapon
 e - a scroll of identify
 g - 4 scrolls of enchant armour
 j - a scroll of enchant weapon
 m - 2 scrolls of fog
 s - 2 scrolls of teleportation {unknown}
 u - a scroll of magic mapping {unknown}
 v - a scroll of amnesia {unknown}
 w - a scroll of fear {unknown}
 y - a scroll of poison {unknown}
Potions
 b - a potion of magic
 i - a potion of might
 n - a potion of ambrosia {unknown}
 p - a potion of flight {unknown}
 t - a potion of mutation {unknown}
 z - a potion of curing {unknown}
 A - 2 potions of heal wounds {unknown}


   Skills:
 + Level 2.4 Fighting
 + Level 5.5 Short Blades
 + Level 2.3 Armour
 * Level 6.5 Dodging
 * Level 8.2 Stealth
 + Level 1.6 Shields
 + Level 4.0 Spellcasting
 + Level 0.1 Hexes
 + Level 5.5 Summonings


You had 3 spell levels left.
You knew the following spells:

 Your Spells              Type           Power      Damage    Failure   Level
a - Summon Small Mammal   Summ           100%       N/A       1%          1
b - Call Imp              Summ           35%        N/A       1%          2
c - Call Canine Familiar  Summ           35%        N/A       3%          3
d - Summon Guardian Gole  Hex/Summ       20%        N/A       10%         3
e - Summon Lightning Spi  Summ/Air       20%        N/A       32%         4

Your spell library contained the following spells:

 Spells                   Type           Power      Damage    Failure   Level
 Ignite Poison            Fire/Tmut/Pois 5%         N/A       30%         3
 Ozocubu's Armour         Ice            5%         N/A       30%         3
 Iskenderun's Mystic Bla  Conj/Tloc      5%         2d3       71%         4
 Metabolic Englaciation   Hex/Ice        2%         N/A       95%         5
 Fireball                 Conj/Fire      2%         3d4       96%         5
 Fire Storm               Conj/Fire      2%         8d1       100%        9


Dungeon Overview and Level Annotations

Branches:
Dungeon (6/15)             Temple (1/1) D:4

Altars:
Ashenzari
Fedhas
Gozag
Hepliaklqana
Kikubaaqudgha
Makhleb
Nemelex Xobeh
Okawaru
Qazlal
Ru
Sif Muna
Trog
Vehumet
Wu Jian
Xom
Zin
The Shining One

Shops:
D:3 ?   D:4 :

Annotations:
D:3 Grinder
D:4 1 runed translucent door, Crazy Yiuf
D:6 4 runed translucent doors


Innate Abilities, Weirdness & Mutations

You are small and have problems with some larger weapons.
You are completely attuned to the shadows.


Message History

The kobold brigand hits your hound with a +0 short sword.
Your hound dies!
Your hound's corpse disappears in a puff of smoke!
Casting: Call Canine Familiar (dangerous; 3% risk of failure)
Confirm with . or Enter, or press ? or * to list all spells.
You miscast Call Canine Familiar.
You are very lightly contaminated with residual magic.
Nothing appears to happen.
Your white imp barely misses the wyvern.
The wyvern bites you but does no damage.
You block the kobold's attack. The kobold misses your white imp.
Casting: Call Canine Familiar (dangerous; 3% risk of failure)
Confirm with . or Enter, or press ? or * to list all spells.
The wyvern barely misses you.
Your white imp barely misses the wyvern.
The wyvern bites you! The kobold hits you but does no damage.
Unknown command.
You swap places.
Your white imp hits the kobold.
Your white imp freezes the kobold.
The kobold dies!
The wyvern bites you!
* * * LOW HITPOINT WARNING * * *
Your hound misses the kobold. You block the kobold's attack.
The kobold brigand hits your white imp with a +0 short sword.
You swap places.
The wyvern bites your hound.
Your hound barely misses the kobold.
Your white imp hits the kobold brigand but does no damage.
You block the kobold's attack.
Your hound bites the kobold.
You swap places.
Your white imp hits the kobold brigand but does no damage.
The wyvern misses your hound.
Your hound bites the kobold.
The kobold dies!
The kobold brigand misses you.
It was a potion of might.
You feel very mighty all of a sudden.
Your hound bites the wyvern but does no damage.
Your white imp gestures at the kobold brigand.
The puff of frost hits the kobold brigand.
The wyvern bites you.
You die...

##### ##...#
#######....#
...........#
.......#.###
....h.##.#
....l@##.#
....K5##.#
.....)##.#
......##.#
......##.#
######
#######.#
#....# #.#
#....# #.#
#...[# #.#


You could see a wyvern (ally target), a kobold brigand (distracted, ally
target), a friendly hound (summoned) and a friendly white imp (summoned).

Vanquished Creatures
  An ice beast (D:5)
  3 centaurs
  An ogre (D:5)
  A necrophage (D:5)
  2 scorpions (D:5)
  A howler monkey (D:6)
  5 hounds
  6 iguanas
  An orc wizard (D:5)
  Robin (D:3)
  7 adders
  4 white imps
  A nameless horror (D:4)
  An ufetubus (D:6)
  A worm (D:2)
  3 dart slugs
  11 orcs
  5 endoplasms
  2 giant cockroaches
  9 goblins
  6 hobgoblins
  4 jackals (D:4)
  2 kobolds (D:4)
  4 quokkas
  7 ball pythons
  3 bats
  2 frilled lizards (D:1)
  A rat (D:2)
95 creatures vanquished.

Vanquished Creatures (collateral kills)
  2 ogres
  A jelly (D:5)
  2 orc wizards
  An iguana (D:3)
  4 adders
  7 orcs
  An endoplasm (D:1)
  A giant cockroach (D:4)
  5 hobgoblins
  6 jackals
  3 ball pythons
  A bat (D:1)
  2 frilled lizards
  3 goblins (D:3)
  6 kobolds
  A rat (D:3)
46 creatures vanquished.

Vanquished Creatures (others)
  A troll (D:6)
  A plant (D:3)
2 creatures vanquished.

Grand Total: 143 creatures vanquished

Notes
Turn   | Place    | Note
-------+----------+-------------------------------------------
     0 | D:1      | LnG the Kobold Summoner began the quest for the Orb.
     0 | D:1      | Reached XP level 1. HP: 10/10 MP: 3/3
    95 | D:1      | Reached skill level 3 in Stealth
    99 | D:1      | Reached XP level 2. HP: 15/15 MP: 1/5
   102 | D:1      | Learned a level 2 spell: Call Imp
   863 | D:1      | Reached XP level 3. HP: 19/19 MP: 6/6
   867 | D:1      | Learned a level 3 spell: Call Canine Familiar
  1620 | D:2      | Reached XP level 4. HP: 24/24 MP: 7/7
  1655 | D:2      | Reached skill level 4 in Stealth
  2041 | D:3      | Noticed Robin
  2053 | D:3      | Reached skill level 1 in Short Blades
  2054 | D:3      | Noticed Grinder
  2060 | D:3      | Killed Robin
  2064 | D:3      | Reached XP level 5. HP: 25/28 MP: 3/8
  2071 | D:3      | Paralysed by Grinder for 3 turns
  2153 | D:3      | Found Sapad's Magic Scroll Shoppe.
  2156 | D:3      | Bought a scroll of identify for 26 gold pieces
  2268 | D:3      | Found a faded altar of an unknown god.
  2456 | D:4      | Found Qoabicseukki's Book Shoppe.
  2607 | D:4      | Found a runed translucent door.
  2610 | D:4      | Noticed Crazy Yiuf
  2870 | D:4      | Found a staircase to the Ecumenical Temple.
  2878 | D:4      | Reached skill level 5 in Stealth
  2881 | Temple   | Entered the Ecumenical Temple
  3233 | D:4      | Found a sacrificial altar of Ru.
  3299 | D:4      | Found a shimmering blue altar of Sif Muna.
  3321 | D:4      | Reached XP level 6. HP: 33/33 MP: 7/10
  3552 | D:4      | Identified a scroll of acquirement
  3555 | D:4      | Acquired the ring "Winwete" {rElec rCorr Int+6}
  3572 | D:5      | Entered Level 5 of the Dungeon
  3637 | D:5      | Learned a level 3 spell: Summon Guardian Golem
  3656 | D:5      | Reached XP level 7. HP: 7/37 MP: 5/11
  3844 | D:5      | Reached skill level 1 in Fighting
  4062 | D:5      | Reached skill level 1 in Armour
  4062 | D:5      | Reached skill level 6 in Stealth
  4165 | D:5      | Reached skill level 5 in Dodging
  4330 | D:5      | Reached skill level 5 in Summonings
  4424 | D:5      | Reached skill level 1 in Shields
  4424 | D:5      | Reached XP level 8. HP: 43/43 MP: 12/12
  4633 | D:5      | Got Sif Muna's Cyclopedia of Unified Arcane Weapons
  4653 | D:5      | Found an ancient bone altar of Kikubaaqudgha.
  4841 | D:5      | Reached skill level 7 in Stealth
  5018 | D:6      | Got the Octavo of the Blaze and Rime
  5479 | D:6      | Noticed a yak
  5481 | D:6      | Noticed a yak
  5481 | D:6      | Noticed a yak
  5482 | D:6      | Noticed a yak
  5615 | D:6      | Found a large runed translucent door.
  5616 | D:6      | Found a large runed translucent door.
  5635 | D:6      | Learned a level 4 spell: Summon Lightning Spire
  5651 | D:6      | Reached skill level 5 in Short Blades
  5676 | D:6      | Noticed a two-headed ogre
  5692 | D:6      | Found a large runed translucent door.
  5692 | D:6      | Found a large runed translucent door.
  5693 | D:6      | Noticed a boulder beetle
  5709 | D:6      | Noticed a troll
  5716 | D:6      | Reached XP level 9. HP: 48/48 MP: 7/14
  5721 | D:6      | Killed a troll
  5722 | D:6      | Reached skill level 8 in Stealth
  5791 | D:6      | Identified the +7 halberd of the Bruised Artists {protect,
                  | Dex+2 Stlth+}
  5878 | D:6      | Slain by a wyvern

Illustrated notes

Levels and vault maps discovered:
D:1:      lemuel_arrival_lava_pool, layout_loops_corners
D:2:      layout_rooms
D:3:      layout_rooms, shapermc_ecumenical_altar_mp_urbaneastern, serial_shops,
          shop, uniq_grinder, uniq_robin
D:4:      layout_basic, tgw_sif, overflow_temple_1_default,
          minmay_temple_entry_statues_fountains, serial_shops,
          nicolae_shop_behind_doors, uniq_crazy_yiuf_cottage
D:5:      layout_basic, nicolae_kikubaaqudgha_miasma_corner
D:6:      layout_rooms, minmay_hollow_rounded_squares
Temple:   nicolae_temple_superstar

Skill      XL: |  1  2  3  4  5  6  7  8  9 |
---------------+----------------------------+-----
Stealth        | 3 4 5 6 7 8 |  8.2
Short Blades   | 1 2 3 5 |  5.5
Dodging        | 3 4 5 6 |  6.5
Fighting       | 1 2 |  2.4
Spellcasting   | 3 4 |  4.0
Armour         | 1 2 |  2.3
Summonings     | 5 |  5.5
Shields        | 1 |  1.6
Hexes          | |  0.1

Action                   |  1- 3 |  4- 6 |  7- 9 || total
-------------------------+-------+-------+-------++-------
Melee: Unarmed           |    36 |       |       ||    36
       Dagger            |    51 |   173 |    13 ||   237
       Punch             |       |     3 |     6 ||     9
       Short sword       |       |       |   238 ||   238
 Cast: Summon Small Mamm |    17 |     1 |       ||    18
       Call Imp          |     1 |     5 |     5 ||    11
       Call Canine Famil |       |    13 |    13 ||    26
       Summon Guardian G |       |       |     1 ||     1
  Use: Scroll            |       |     9 |     2 ||    11
       Potion            |       |       |     1 ||     1
 Stab: Sleeping          |    15 |    15 |    11 ||    41
       Distracted        |       |     1 |     1 ||     2
Armor: Robe              |     7 |     1 |       ||     8
       Leather armour    |       |    52 |    70 ||   122
Dodge: Dodged            |    74 |   118 |   189 ||   381
Block: Other             |       |    38 |    53 ||    91
       Reflection        |       |     2 |       ||     2

Table legend: (Time is in decaauts)
 A = Elapsed time spent in this place.
 B = Non-inter-level travel time spent in this place.
 C = Inter-level travel time spent in this place.
 D = Time resting spent in this place.
 E = Time spent auto-exploring this place.
 F = Levels seen in this place.
 G = Mean time per level.
                   A        B        C        D        E       F      G
               +--------+--------+--------+--------+--------+-----+--------+
         Total |   5811 |   5362 |    449 |    318 |   3623 |   7 |  830.1 |
       Dungeon |   5543 |   5186 |    357 |    318 |   3464 |   6 |  923.8 |
        Temple |    267 |    175 |     92 |      0 |    159 |   1 |  267.0 |
               +--------+--------+--------+--------+--------+-----+--------+

Top non-repeatable levels by time:
     D:5: 1508 daAuts
     D:1: 1380 daAuts
     D:4: 793 daAuts
     D:6: 743 daAuts
     D:2: 722 daAuts
     D:3: 396 daAuts
  Temple: 267 daAuts
